 Dungeon Sprint DCSS version 0.21.1-1-g345015f (webtiles) character file.

54 Psiloshibe the Carver (level 7, -9/65 HPs)
             Began as a Barachi Berserker on June 10, 2018.
             Was an Elder of Trog.
             Mangled by a tarantella (14 damage)
             ... in the Dungeon (Sprint VI: "Thunderdome").
             The game lasted 00:03:17 (375 turns).

Psiloshibe the Carver (Barachi Berserker)            Turns: 375, Time: 00:03:17

Health: -9/65      AC:  2    Str: 24    XL:     7   Next: 3%
Magic:  7/7        EV: 16    Int: 10    God:    Trog [****..]
Gold:   100        SH:  0    Dex: 14    Spells: 6/6 levels left

rFire    + . .     SeeInvis .   a - +0 falchion
rCold    . . .     Gourm    .   (no shield)
rNeg     . . .     Faith    .   b - +0 animal skin
rPois    +         Spirit   .   (no helmet)
rElec    +         Reflect  .   (no cloak)
rCorr    .         Harm     .   (no gloves)
MR       ++...     NoTele   +   (no boots)
Stlth    ++........             q - amulet "Muonn" {+Blink +Rage rF+}
HPRegen  1.20/turn              o - ring of the Crown {rElec EV+1 Str+4}
MPRegen  0.10/turn              p - ring of Afuevi {*Drain rPois Int+2 Dex+3 Stlth+}

@: confused, berserk cooldown, regenerating, slow
A: +LOS, swims, slowness 1, strong legs 1
a: Hop, Berserk, Trog's Hand, Brothers in Arms, Burn Spellbooks, Renounce
Religion, Evoke Blink, Evoke Berserk Rage


You were in the Dungeon.
You worshipped Trog.
Trog was greatly pleased with you.
You were hungry.

You visited 1 branch You collected 280 gold pieces.
You spent 180 gold pieces at shops.

Inventory:

Hand Weapons
 a - a +0 falchion (weapon)
Armour
 b - a +0 animal skin (worn)
Jewellery
 o - the ring of the Crown (left hand) {rElec EV+1 Str+4}
   (You bought it in a shop in the Dungeon)

   [ring of evasion]

   It affects your evasion (+1).
   It affects your strength (+4).
   It insulates you from electricity.
 p - the ring of Afuevi (right hand) {*Drain rPois Int+2 Dex+3 Stlth+}
   (You bought it in a shop in the Dungeon)

   [ring of dexterity]

   It affects your intelligence (+2).
   It affects your dexterity (+3).
   It protects you from poison.
   It causes draining when unequipped.
   It makes you more stealthy.
 q - the amulet "Muonn" (around neck) {+Blink +Rage rF+}
   (You bought it in a shop in the Dungeon)

   [amulet of rage]

   It protects you from fire.
   It lets you blink.
   It lets you go berserk.
Wands
 k - a wand of acid (5)
 l - a wand of iceblast (5)
Scrolls
 i - 4 scrolls of blinking
 m - 3 scrolls of fog
Potions
 d - a potion of curing
 e - 3 potions of heal wounds
 f - 4 potions of haste
 g - 2 potions of magic
 h - a potion of berserk rage
 j - a potion of resistance
Comestibles
 c - a ration
 n - 5 chunks of flesh


   Skills:
 + Level 9.8 Fighting
 + Level 10.9 Long Blades
 * Level 6.1 Throwing
 + Level 4.6 Armour
 + Level 5.7 Dodging
 + Level 1.3 Stealth


You had 6 spell levels left.
You didn't know any spells.

Dungeon Overview and Level Annotations

Branches:
Dungeon (1/1)

Altars:
Cheibriados
Dithmenos
Fedhas
Gozag
Kikubaaqudgha
Makhleb
Okawaru
Qazlal
Ru
Sif Muna
Trog
Uskayaw
Vehumet
Wu Jian
Xom
Yredelemnul
Zin
The Shining One
Beogh
Jiyva
Lugonu

Shops:
D *[%??*?*:[((!!!!


Innate Abilities, Weirdness & Mutations

Shadows flee at your approach. (+LOS)
You can swim through water.
You cover ground slowly.
You can hop short distances.


Message History

You bump into the rock wall.
The wolf spider hisses angrily.
The tarantella barely misses you. The tarantella bites you!
You are more confused.
You bump into the rock wall.
The tarantella bites you.
You bump into the rock wall.
The tarantella closely misses you. The tarantella misses you.
You bump into the rock wall.
The tarantella misses you.
You hit the tarantella.
The tarantella is severely wounded.
The tarantella barely misses you.
You're too confused!
You barely miss the tarantella.
The tarantella is severely wounded.
The tarantella completely misses you. The wolf spider hits you!!
* * * LOW HITPOINT WARNING * * *
The wolf spider bites you.
* * * LOW HITPOINT WARNING * * *
You bump into the rock wall.
The tarantella bites you!
You die...

#⌠...........⌠#
######.8.........8.######
##∩._.......###......___∩##
##∩........8.# #.8........∩###
.............###...).........##
..........###...###..........⌠#
..........# #.<.# #..........⌠#
..........###..s###..........⌠#
.............###@s...........##
##∩........8.# #.8........∩###
##∩___......###......___∩##
######.8.........8.######
#⌠...........⌠# ###.........###
#_......._# #_......._#
#........_#


You could see a wolf spider and a tarantella.

Vanquished Creatures
  Sigmund (D)
  A tarantella (D)
  An ogre (D)
  A worker ant (D)
  An adder (D)
  5 oozes (D)
  A leopard gecko (D)
  A bat skeleton (D)
12 creatures vanquished.

Notes
Turn   | Place    | Note
-------+----------+-------------------------------------------
     0 | D        | Psiloshibe the Barachi Berserker began the quest for the Orb.
     0 | D        | Reached XP level 1. HP: 18/18 MP: 1/1
     0 | D        | Found a hide-covered altar of Uskayaw.
     0 | D        | Found a shimmering altar of Xom.
     3 | D        | Found a corrupted altar of Lugonu.
     3 | D        | Found a sacrificial altar of Ru.
     3 | D        | Found a viscous altar of Jiyva.
     3 | D        | Found an iron altar of Okawaru.
     4 | D        | Found a radiant altar of Vehumet.
     5 | D        | Found Hoibur's Identification Station.
     5 | D        | Found Uji Epar's Delicious Food.
     5 | D        | Found a deep blue altar of Sif Muna.
     5 | D        | Round 1.
     6 | D        | Found Touliat's Advanced Armour.
     6 | D        | Found Raug Jiq's Jewellery.
     6 | D        | Found an opulent altar of Gozag.
     6 | D        | Found a roughly hewn altar of Beogh.
    15 | D        | Found a blossoming altar of Fedhas.
    20 | D        | Bought a glittering silver amulet for 45 gold pieces
    20 | D        | Bought a brightly glowing tin ring for 45 gold pieces
    20 | D        | Bought a bound silver ring for 45 gold pieces
    20 | D        | Identified the amulet "Zicw" {+Rage MR+} (You bought it in a shop in the Dungeon)
    21 | D        | Identified the ring of the Crown {rElec EV+1 Str+4} (You bought it in a shop in the Dungeon)
    22 | D        | Identified the ring of Afuevi {*Drain rPois Int+2 Dex+3 Stlth+} (You bought it in a shop in the Dungeon)
    31 | D        | Reached skill level 4 in Long Blades
    32 | D        | Found a glowing golden altar of the Shining One.
    32 | D        | Found an ornate altar of the Wu Jian Council.
    33 | D        | Found Dutis's Magic Scroll Shop.
    34 | D        | Found a glowing silver altar of Zin.
    34 | D        | Found a shadowy altar of Dithmenos.
    34 | D        | Found Kazihatu's Staff Store.
    35 | D        | Found Jyzxa's Magic Scroll Shop.
    35 | D        | Found Koemiaq's Must-Have Magic.
    40 | D        | Found an ancient bone altar of Kikubaaqudgha.
    41 | D        | Found a snail-covered altar of Cheibriados.
    42 | D        | Found a basalt altar of Yredelemnul.
    43 | D        | Found Woqa's Distillery.
    44 | D        | Found Ilexesus's Distillery.
    44 | D        | Found Pyseug's Bottled Wisdom.
    45 | D        | Found a bloodstained altar of Trog.
    45 | D        | Found a burning altar of Makhleb.
    45 | D        | Found a stormy altar of Qazlal.
    45 | D        | Found Ceumomn's Do-It-Yourself Clinic.
    56 | D        | Found Iqoyramuts's Weapon Rack.
    57 | D        | Found Owniv's Premium Goods.
    57 | D        | Found Vaomiwn's Basic Armour.
    57 | D        | Found Rewomats's Miscellaneous Merchandise.
    90 | D        | Reached XP level 2. HP: 23/26 MP: 2/2
   106 | D        | Reached ** piety under Trog
   106 | D        | Reached skill level 5 in Fighting
   106 | D        | Reached skill level 5 in Long Blades
   106 | D        | Reached skill level 1 in Throwing
   128 | D        | Arena points: 12 (+12) [x2]
   128 | D        | Reached XP level 3. HP: 19/33 MP: 3/3
   145 | D        | Bought a smoking golden amulet for 45 gold pieces
   147 | D        | Identified the amulet "Muonn" {+Blink +Rage rF+} (You bought it in a shop in the Dungeon)
   168 | D        | Round 2.
   190 | D        | Noticed an ogre
   198 | D        | Killed an ogre
   198 | D        | Reached *** piety under Trog
   198 | D        | Reached skill level 7 in Long Blades
   198 | D        | Reached XP level 4. HP: 43/43 MP: 4/4
   258 | D        | Noticed Sigmund
   271 | D        | Killed Sigmund
   271 | D        | Reached skill level 9 in Long Blades
   271 | D        | Reached skill level 5 in Dodging
   271 | D        | Reached XP level 5. HP: 51/51 MP: 5/5
   271 | D        | Reached XP level 6. HP: 57/57 MP: 6/6
   287 | D        | Reached **** piety under Trog
   287 | D        | Reached skill level 5 in Throwing
   288 | D        | Arena points: 54 (+42) [x3]
   319 | D        | Round 3.
   320 | D        | Noticed a tarantella
   326 | D        | Killed a tarantella
   326 | D        | Reached skill level 10 in Long Blades
   326 | D        | Reached skill level 1 in Stealth
   326 | D        | Reached XP level 7. HP: 28/65 MP: 7/7
   357 | D        | Noticed a tarantella
   369 | D        | Noticed a wolf spider
   375 | D        | Mangled by a tarantella

Skill      XL: |  1  2  3  4  5  6 |
---------------+-------------------+-----
Fighting       | 4 5 7 8 9 |  9.8
Long Blades    | 4 5 7 9 10 | 10.9
Throwing       | 1 3 4 6 |  6.1
Armour         | 3 4 |  4.6
Dodging        | 3 5 |  5.7
Stealth        | 1 |  1.3

Action                   |  1- 3 |  4- 6 |  7- 9 || total
-------------------------+-------+-------+-------++-------
Melee: Falchion          |    21 |    22 |     8 ||    51
Invok: Berserk           |     1 |     2 |       ||     3
       Trog's Hand       |       |     2 |     1 ||     3
  Use: Potion            |       |       |     1 ||     1
  Eat: Chunk             |       |     1 |     1 ||     2
Armor: Animal skin       |     1 |     1 |     1 ||     3
Dodge: Dodged            |    12 |    26 |    13 ||    51
       Rpst.: Falchion   |     4 |     9 |     2 ||    15
